 Dungeon Crawl Stone Soup version 0.29.1-15-g9cfb28693d (webtiles) character file.

Game seed: 1623150681513264248

2216 LLlMATKO the Trooper (level 9, -6/79 HPs)
             Began as a Minotaur Berserker on May 1, 2023.
             Was a Priest of Trog.
             Mangled by a two-headed ogre
             ... wielding a +0 giant club
              (9 damage)
             ... on level 7 of the Dungeon.
             The game lasted 00:07:35 (5973 turns).

LLlMATKO the Trooper (Minotaur Berserker)           Turns: 5973, Time: 00:07:35

Health: -6/79      AC: 14    Str: 24    XL:     9   Next: 13%
Magic:  0/8        EV: 10    Int:  4    God:    Trog [***...]
Gold:   448        SH:  0    Dex: 18    Spells: 8/8 levels left

rFire   . . .      SeeInvis .   w - +0 war axe
rCold   + . .      Faith    .   (no shield)
rNeg    . . .      Spirit   +   E - +0 plate armour
rPois   .          Reflect  .   (helmet restricted)
rElec   .          Harm     .   (no cloak)
rCorr   .          Rampage  .   m - +0 pair of gloves
Will    .....                   (no boots)
Stlth   ..........              x - amulet of guardian spirit
HPRegen 0.23/turn               t - +6 ring of dexterity
MPRegen 0.11/turn               D - ring of protection from cold

@: on berserk cooldown, slowed, very slow
A: horns 2, retaliatory headbutt
a: Renounce Religion, Berserk, Trog's Hand


You were on level 7 of the Dungeon.
You worshipped Trog.
Trog was most pleased with you.
You visited 1 branch of the dungeon, and saw 7 of its levels.

You collected 448 gold pieces.

Inventory:

Hand Weapons
 q - a +0 sling
 w - a +0 war axe (weapon)
Missiles
 e - 5 silver javelins (quivered)
Armour
 m - a +0 pair of gloves (worn)
 E - a +0 plate armour (worn)
Jewellery
 t - a +6 ring of dexterity (left hand)
 x - an amulet of guardian spirit (around neck)
 D - a ring of protection from cold (right hand)
 G - an amulet of regeneration
Wands
 j - a wand of polymorph (6)
 p - a wand of paralysis (7)
 z - a wand of digging (6)
Scrolls
 b - 2 scrolls of vulnerability {unknown}
 c - a scroll of amnesia {unknown}
 f - 4 scrolls of immolation {unknown}
 g - 2 scrolls of teleportation {unknown}
 k - a scroll of silence {unknown}
 o - 2 scrolls of fog {unknown}
 r - 5 scrolls of identify {unknown}
 s - a scroll of poison {unknown}
 u - 2 scrolls of enchant weapon {unknown}
 y - a scroll of magic mapping {unknown}
 A - a scroll of enchant armour {unknown}
 F - a scroll of fear {unknown}
 H - a scroll of torment {unknown}
Potions
 a - a potion of invisibility {unknown}
 d - 3 potions of degeneration {unknown}
 h - a potion of mutation {unknown}
 i - a potion of resistance {unknown}
 l - 4 potions of curing {unknown}
 n - 2 potions of attraction {unknown}
 v - 2 potions of haste {unknown}
 B - a potion of berserk rage {unknown}
 C - a potion of lignification {unknown}


   Skills:
 + Level 7.6 Fighting
 + Level 7.5 Axes
 + Level 4.9 Ranged Weapons
 + Level 7.2 Armour
 + Level 6.4 Dodging


You had 8 spell levels left.
You didn't know any spells.
Your spell library was empty.

Dungeon Overview and Level Annotations

Branches:
Dungeon (7/15)             Temple (0/1) D:4

Altars:
Cheibriados
Gozag
Ru
Trog
Uskayaw
Vehumet
Xom
Yredelemnul
Zin
The Shining One

Shops:
D:3 (   D:5 (

Annotations:
D:3 3 runed translucent doors, p0werm0de's ghost, amateur MiFi


Innate Abilities, Weirdness & Mutations

You have a pair of horns on your head.
You reflexively headbutt those who attack you in melee.


Message History

Your Armour skill increases to level 7!
You have reached level 9!
Your experience leads to an increase in your attributes!
Your base attributes are Str 22, Int 4, Dex 12.
Increase (S)trength, (I)ntelligence, or (D)exterity?
You feel stronger. x2
Unknown command.
You slice the necrophage!! You headbutt the necrophage.
You destroy the necrophage!
Trog accepts your kill.
You feel a strong urge to attack something.
You are no longer berserk.
You are exhausted.
You feel yourself slow down. The two-headed ogre closely misses you.
The two-headed ogre hits you with a +0 giant spiked club!
Found a scroll labelled WIVUSA WAOR.
The two-headed ogre hits you with a +0 giant club!
* * * LOW HITPOINT WARNING * * *
The two-headed ogre hits you with a +0 giant spiked club!
* * * LOW HITPOINT WARNING * * *
You barely miss the two-headed ogre.
Your headbutt misses the two-headed ogre.
The two-headed ogre completely misses you.
The two-headed ogre misses you.
You slash the two-headed ogre!
The two-headed ogre is lightly wounded.
The two-headed ogre hits you but does no damage.
The two-headed ogre closely misses you.
You slash the two-headed ogre!
The two-headed ogre is moderately wounded.
The two-headed ogre barely misses you.
The two-headed ogre hits you with a +0 giant spiked club!
* * * LOW HITPOINT WARNING * * *
You hit the two-headed ogre. You headbutt the two-headed ogre.
The two-headed ogre is heavily wounded.
The two-headed ogre completely misses you.
You furiously retaliate!
You headbutt the two-headed ogre.
The two-headed ogre hits you with a +0 giant spiked club!
You die...

.....>...........#♣†♣.♣♣♣♣
..#.#..............♣.♣H.n.
.................#♣.♣.♣♣♣♣
#.....#..........#.♣.♣.#
............#+##.#######
#.....#.>...# ### ♣♣
............# ♣.
..#.#....O..# ♣.
.........@..#
........#'#.....#
#.#####.#.#.....# # ..
#.#.#.....# ####.
#.#[#.....# ......#'#<#
.?..# #..)## ...# +...#
#...#


You could see a two-headed ogre.

Vanquished Creatures
  A salamander (shapeshifter) (D:7)
  Sigmund (D:2)
  Edmund (D:5)
  A water moccasin (D:6)
  2 orc warriors (D:7)
  A sky beast (D:6)
  A phantom (D:6)
  Blork the orc (D:5)
  2 jellies
  4 necrophages
  4 scorpions
  A gnoll bouda (D:5)
  3 hounds
  Ijyb (D:3)
  3 iguanas (D:5)
  10 adders
  6 gnolls
  5 shadow imps (D:7)
  3 dart slugs
  13 orcs
  4 endoplasms
  A giant cockroach (D:4)
  10 goblins
  2 hobgoblins
  4 jackals (D:3)
  3 quokkas
  6 ball pythons
  4 bats
  2 frilled lizards (D:1)
  2 kobolds (D:4)
  3 rats
105 creatures vanquished.

Vanquished Creatures (others)
  3 demonic plants (D:7)
  14 plants (D:7)
17 creatures vanquished.

Grand Total: 122 creatures vanquished

Notes
Turn   | Place    | Note
-------+----------+-------------------------------------------
     0 | D:1      | LLlMATKO the Minotaur Berserker began the quest for the
                  | Orb.
     0 | D:1      | Reached XP level 1. HP: 19/19 MP: 0/0
   182 | D:1      | Reached XP level 2. HP: 18/27 MP: 1/1
   512 | D:1      | Found a faded altar of an unknown god.
   943 | D:2      | Noticed Sigmund
   951 | D:2      | Killed Sigmund
   952 | D:2      | Reached XP level 3. HP: 34/34 MP: 2/2
   952 | D:2      | Reached XP level 4. HP: 41/41 MP: 3/3
   952 | D:2      | Reached XP level 5. HP: 47/47 MP: 4/4
  1412 | D:3      | Noticed Ijyb
  1419 | D:3      | Killed Ijyb
  1420 | D:3      | Reached skill level 5 in Axes
  1487 | D:3      | Reached skill level 5 in Fighting
  1537 | D:3      | Found a runed translucent gate.
  1537 | D:3      | Found a runed translucent gate.
  1537 | D:3      | Found a runed translucent gate.
  1539 | D:3      | Found an opulent altar of Gozag.
  1539 | D:3      | Noticed p0werm0de's ghost (amateur MiFi)
  1539 | D:3      | Noticed an ice beast
  1725 | D:3      | Found Puhisi's Weapon Shop.
  1856 | D:3      | Noticed a +0 dagger
  1858 | D:3      | Noticed a +0 hand axe
  1861 | D:3      | Found a hide-covered altar of Uskayaw.
  2142 | D:4      | Found a staircase to the Ecumenical Temple.
  2145 | D:4      | Reached ** piety under Trog
  2353 | D:4      | Reached XP level 6. HP: 50/56 MP: 5/5
  2749 | D:4      | Reached skill level 1 in Ranged Weapons
  2973 | D:5      | Entered Level 5 of the Dungeon
  3244 | D:5      | Reached skill level 5 in Armour
  3244 | D:5      | Reached XP level 7. HP: 58/61 MP: 6/6
  3470 | D:5      | Found Guung's Weapon Emporium.
  3470 | D:5      | Noticed Blork the orc
  3480 | D:5      | Killed Blork the orc
  3481 | D:5      | Noticed Edmund
  3777 | D:5      | Killed Edmund
  3908 | D:5      | Reached skill level 5 in Dodging
  4382 | D:6      | Reached XP level 8. HP: 71/71 MP: 7/7
  4623 | D:6      | Found a glowing golden altar of the Shining One.
  4627 | D:6      | Found a basalt altar of Yredelemnul.
  4640 | D:6      | Found a shimmering altar of Xom.
  4641 | D:6      | Found a bloodstained altar of Trog.
  4643 | D:6      | Found a snail-covered altar of Cheibriados.
  4644 | D:6      | Found a radiant altar of Vehumet.
  4646 | D:6      | Found a glowing silver altar of Zin.
  4651 | D:6      | Found a sacrificial altar of Ru.
  5232 | D:7      | Reached *** piety under Trog
  5919 | D:7      | Noticed a two-headed ogre
  5942 | D:7      | Noticed a harpy
  5942 | D:7      | a fire bat changed into a harpy
  5948 | D:7      | Noticed a salamander
  5957 | D:7      | Killed a salamander
  5958 | D:7      | Reached XP level 9. HP: 49/79 MP: 4/8
  5972 | D:7      | HP: 3/79 [two-headed ogre/+0 giant club (6)]
  5973 | D:7      | Mangled by a two-headed ogre

Illustrated notes

Levels and vault maps discovered:
D:1:      scummos_arrival_checkerplants, layout_basic,
          shapermc_ecumenical_altar_ellora
D:2:      layout_basic, uniq_sigmund
D:3:      layout_loops_cross, dancing_weapons_uskayaw, serial_shops,
          nicolae_square_shop, ebering_ghost_gozag, serial_park_tiny_2,
          uniq_ijyb
D:4:      layout_gridville, minmay_temple_entry_drinking_statues
D:5:      layout_cave_pools, serial_shops, shop_coins, grunt_decor_one_mirror,
          uniq_edmund, uniq_blork_the_orc
D:6:      layout_basic, nicolae_overflow_hallway_of_the_gods
D:7:      nzn_winding_woodlands_large [nzn_winding_woodlands_5x5_checkerboard,
          nzn_winding_woodlands_5x15_garden,
          nzn_winding_woodlands_5x5_perimeter,
          nzn_winding_woodlands_center_diamonds,
          nzn_winding_woodlands_15x15_boxy_spiral,
          nzn_winding_woodlands_center_garden, nzn_winding_woodlands_hourglass,
          nzn_winding_woodlands_5x15_river_crossing,
          nzn_winding_woodlands_5x5_three], layout_basic, serial_demonic,
          serial_demonic_a, serial_demonic_f, serial_demonic_e,
          serial_demonic_b, serial_demonic_d, serial_demonic_g,
          grunt_ministairs_6, chequers_mini_garden, minivault_23, st_stairs_2,
          nicolae_lava_and_water

Skill      XL: |  1  2  3  4  5  6  7  8 |
---------------+-------------------------+-----
Axes           | 4 5 6 7 |  7.5
Fighting       | 4 5 6 7 |  7.6
Armour         | 3 4 5 7 |  7.2
Dodging        | 3 4 5 6 |  6.4
Ranged Weapons | 1 3 4 |  4.9

Action                   |  1- 3 |  4- 6 |  7- 9 || total
-------------------------+-------+-------+-------++-------
Melee: Hand axe          |    29 |   100 |    22 ||   151
       Headbutt          |     3 |    23 |    24 ||    50
       War axe           |       |       |   109 ||   109
       Punch             |       |       |     2 ||     2
 Fire: Sling             |       |    43 |    41 ||    84
Invok: Berserk           |     1 |     3 |     4 ||     8
Armor: Animal skin       |     4 |       |       ||     4
       Ring mail         |     3 |    31 |       ||    34
       Chain mail        |       |    21 |    39 ||    60
       Plate armour      |       |       |    25 ||    25
Dodge: Dodged            |    26 |    70 |    85 ||   181
